 Dungeon Crawl Stone Soup version 0.29.1-2-gbd0b4ee654 (webtiles) character file.

Game seed: 15487950583584982119

45 KittyFluff the Cudgeller (level 3, 0/23 HPs)
             Began as a Gargoyle Berserker on Oct 27, 2022.
             Was a Follower of Trog.
             Slain by an orc
             ... wielding a +0 short sword
              (3 damage)
             ... on level 1 of the Dungeon.
             The game lasted 00:05:07 (1010 turns).

KittyFluff the Cudgeller (Gargoyle Berserker)       Turns: 1010, Time: 00:05:08

Health: 0/23       AC:  5    Str: 20    XL:     3   Next: 64%
Magic:  3/3        EV: 12    Int:  7    God:    Trog [*.....]
Gold:   33         SH:  5    Dex: 11    Spells: 2/2 levels left

rFire   . . .      SeeInvis .   a - +0 mace
rCold   . . .      Faith    .   (no shield)
rNeg    + . .      Spirit   .   b - +0 animal skin
rPois   ∞          Reflect  +   (no helmet)
rElec   +          Harm     .   (no cloak)
rCorr   .          Rampage  .   (no gloves)
Will    .....                   (no boots)
Stlth   +.........              e - amulet of reflection
HPRegen 0.07/turn               (no ring)
MPRegen 0.08/turn               (no ring)

@: brilliant, on berserk cooldown, flying, slowed, very slow
A: sickness immunity, AC +3, negative energy resistance 1, electricity
resistance, torment resistance 1, petrification resistance
a: Renounce Religion, Berserk


You were on level 1 of the Dungeon.
You worshipped Trog.
Trog was aware of your devotion.
You visited 1 branch of the dungeon, and saw 1 of its levels.

You collected 33 gold pieces.

Inventory:

Hand Weapons
 a - a +0 mace (weapon)
 k - a +0 sling
Missiles
 j - 6 boomerangs (quivered)
Armour
 b - a +0 animal skin (worn)
 f - a +0 leather armour
Jewellery
 e - an amulet of reflection (around neck)
Scrolls
 c - a scroll of amnesia {unknown}
 d - a scroll of poison {unknown}
 g - 2 scrolls of noise {unknown}


   Skills:
 + Level 3.5 Fighting
 + Level 3.8 Maces & Flails
 + Level 0.2 Throwing
 + Level 2.5 Armour
 + Level 1.9 Dodging
 + Level 0.2 Shields


You had 2 spell levels left.
You didn't know any spells.
Your spell library was empty.

Dungeon Overview and Level Annotations

Branches:
Dungeon (1/15)

Altars:


Innate Abilities, Weirdness & Mutations

You are immune to sickness and miasma.
Your stone body is resilient. (AC +3)
You are immune to poison.
You resist negative energy. (rN+)
You are resistant to electric shocks. (rElec)
You are resistant to unholy torment.
You are immune to petrification.


Message History

Trog accepts your kill.
You completely miss the orc. The orc hits you but does no damage.
You barely miss the orc. The orc hits you with a +0 mace.
* * * LOW HITPOINT WARNING * * *
The orc misses you.
A red film seems to cover your vision as you go berserk!
You feel yourself moving faster!
You feel mighty! The orc closely misses you.
You sock the orc!
You kill the orc!
Trog accepts your kill.
You closely miss the orc. The orc hits you but does no damage.
You closely miss the orc. The orc completely misses you.
You bludgeon the orc!!
You kill the orc!
Trog accepts your kill.
You thump the orc!
You kill the orc!
Trog accepts your kill.
You sock the orc!
You kill the orc!
Trog accepts your kill.
The orc throws a boomerang.
You reflect the boomerang off an invisible shield around you!
The boomerang hits the orc.
You kill the orc!
Trog accepts your kill.
You hit the rat.
You kill the rat!
Trog accepts your kill.
You feel a strong urge to attack something.
You hit the orc.
The orc is severely wounded.
You are no longer berserk.
You are exhausted.
You feel yourself slow down. The orc closely misses you.
You hit the orc.
You kill the orc!
Trog accepts your kill. The orc hits you with a +0 short sword.
You die...

#...#..#.....#####....#...#.#
.....##......8J#.#o...#.....#
.##...........ooob....#...#.#
.#..#..##.....oKoo.o..#...#.#
...#.........8.#.#bo..#...#.#
...#.#.......#####....#...#.#
#...##....##..## ....#...#.#
...#....#...#.)########...#.#
##............)o@.........#.#
###########################.#
######## ####### #.# .......###
#.....# #####.#
##.###...######.....###...#.#####
##.#####>.....'.....'.'..........
(......)......#.....###.....#####
..............#.....# #....##
..............#.....# ####.#


You could see an orc.

Vanquished Creatures
  A dart slug (D:1)
  11 orcs (D:1)
  2 ball pythons (D:1)
  3 bats (D:1)
  4 endoplasms (D:1)
  A goblin (D:1)
  4 hobgoblins (D:1)
  A frilled lizard (D:1)
  2 kobolds (D:1)
  3 rats (D:1)
32 creatures vanquished.

Notes
Turn   | Place    | Note
-------+----------+-------------------------------------------
     0 | D:1      | KittyFluff the Gargoyle Berserker began the quest for the
                  | Orb.
     0 | D:1      | Reached XP level 1. HP: 14/14 MP: 1/1
   260 | D:1      | Found a large runed translucent door.
   260 | D:1      | Found a large runed translucent door.
   417 | D:1      | Reached XP level 2. HP: 19/19 MP: 2/2
   533 | D:1      | Found a faded altar of an unknown god.
   972 | D:1      | Reached XP level 3. HP: 15/23 MP: 3/3
  1010 | D:1      | Slain by an orc

Illustrated notes

Levels and vault maps discovered:
D:1:      erik_arrival_cave_to_civilisation [erik_arrival_cave_to_temple],
          layout_basic, shapermc_ecumenical_altar_venn

Action                   || total
-------------------------++-------
Melee: Mace              ||    69
Throw: Boomerang         ||     4
Invok: Berserk           ||     1
  Use: Potion            ||     2
Armor: Animal skin       ||    19
Dodge: Dodged            ||    50
Block: Other             ||    11
       Reflection        ||     4
